 Dungeon Crawl Stone Soup version 0.24-a0-496-gbe733cd003 (webtiles) character file.

Game seed: 11190740976851759570

57 Bapho the Firebug (level 4, 0/33 HPs)
             Began as a Hill Orc Fire Elementalist on July 13, 2019.
             Was an Initiate of Vehumet.
             Succumbed to an adder's poison
             ... on level 2 of the Dungeon.
             The game lasted 00:05:14 (2127 turns).

Bapho the Firebug (Hill Orc Fire Elementalist)      Turns: 2127, Time: 00:05:15

Health: 0/33       AC:  2    Str: 10    XL:     4   Next: 0%
Magic:  2/7        EV: 12    Int: 16    God:    Vehumet [......]
Gold:   78         SH:  0    Dex: 11    Spells: 1/7 levels left

rFire    . . .     SeeInvis .   d - +0 whip
rCold    . . .     Gourm    .   (no shield)
rNeg     . . .     Faith    .   a - +0 robe
rPois    .         Spirit   .   (no helmet)
rElec    .         Reflect  .   (no cloak)
rCorr    .         Harm     .   (no gloves)
MR       .....                  (no boots)
Stlth    ++........             (no amulet)
HPRegen  0.11/turn              (no ring)
MPRegen  0.10/turn              (no ring)

@: lethally poisoned (0 -> -10)
A: no striking features
a: Renounce Religion


You were on level 2 of the Dungeon.
You worshipped Vehumet.
Vehumet was noncommittal.
You were hungry.

You visited 1 branch of the dungeon, and saw 2 of its levels.

You collected 78 gold pieces.

Inventory:

Hand Weapons
 d - a +0 whip (weapon)
Armour
 a - a +0 robe (worn)
Scrolls
 b - a scroll of enchant weapon {unknown}
 g - a scroll of immolation {unknown}
 i - a scroll of remove curse {unknown}
 k - a scroll of fear {unknown}
Potions
 e - a potion of flight {unknown}
 f - a potion of heal wounds {unknown}
 h - a potion of haste {unknown}
 j - a potion of ambrosia
 l - a potion of agility {unknown}
 m - a potion of berserk rage {unknown}
Comestibles
 c - 3 rations
 n - 2 chunks of flesh


   Skills:
 - Level 1.5 Dodging
 - Level 1.5 Stealth
 + Level 2.0 Spellcasting
 + Level 1.9 Conjurations
 * Level 4.4 Fire Magic


You had one spell level left.
You knew the following spells:

 Your Spells              Type           Power        Failure   Level  Hunger
a - Flame Tongue          Conj/Fire      ##...        5%          1    #......
b - Throw Flame           Conj/Fire      ##....       9%          2    ###....
c - Conjure Flame         Conj/Fire      ##......     17%         3    ###....

Your spell library contained the following spells:

 Spells                   Type           Power        Failure   Level  Hunger
 Infusion                 Chrm           #...         21%         1    #......
 Inner Flame              Hex/Fire       #.......     26%         3    ###....
 Sticky Flame             Conj/Fire      ##......     50%         4    #####..
 Fireball                 Conj/Fire      ##........   83%         5    ######.


Dungeon Overview and Level Annotations

Branches:
Dungeon (2/15)

Altars:
Ashenzari
Kikubaaqudgha
Makhleb
Sif Muna
Vehumet


Message History

You are feeling hungry.
You feel sick. The adder barely misses you.
Casting: Throw Flame (safe; 9% risk of failure)
Confirm with . or Enter, or press ? or * to list all spells.
Aiming: Throw Flame (safe; 9% risk of failure)
Press: ? - help, Shift-Dir - straight line, f/p - adder
Aim: an adder (lightly wounded)
The puff of flame misses the adder.
You feel sick. The adder bites you.
* * * LOW HITPOINT WARNING * * *
The worm bites you!
* * * LOW HITPOINT WARNING * * *
The adder closely misses you.
Casting: Throw Flame (safe; 9% risk of failure)
Confirm with . or Enter, or press ? or * to list all spells.
Aiming: Flame Tongue (safe; 5% risk of failure)
Press: ? - help, Shift-Dir - straight line, f/p - adder
Aim: an adder (lightly wounded)
The flame tongue hits the adder.
The adder is moderately wounded.
You die...

#.###.#.....###.. ..#
#.....÷......##.# ..#
#####.#.....###.####..#
#.##...#....w..#..#
#.###>##.#####....#
#.#####......#....#
#........#...#...$###
#†##wS####...#w##.....
#.##.@#⌠.##+#$.⌠...###
#.....#.........#....#
#..###.........#####.#
#.. ...#........... ..
#. .+..._...+[..+ #####
#. ..........#...#
....# . ###.[......#
### ###.# #.......... #
#.# #⌠.##+##.⌠#.


You could see a worm and an adder.

Vanquished Creatures
  An ooze (D:1)
  An adder zombie (D:2)
  A worm (D:2)
  2 dart slugs
  2 leopard geckos
  A ball python (D:2)
  4 goblins
  3 hobgoblins
  4 jackals
  2 quokkas (D:2)
  5 bats
  6 frilled lizards
  4 kobolds (D:1)
  4 rats
40 creatures vanquished.

Notes
Turn   | Place    | Note
-------+----------+-------------------------------------------
     0 | D:1      | Bapho the Hill Orc Fire Elementalist began the quest for
                  | the Orb.
     0 | D:1      | Reached XP level 1. HP: 14/14 MP: 3/3
   303 | D:1      | Reached XP level 2. HP: 20/20 MP: 1/4
   436 | D:1      | Learned a level 2 spell: Throw Flame
  1192 | D:1      | Reached skill level 4 in Fire Magic
  1192 | D:1      | Reached XP level 3. HP: 21/26 MP: 0/5
  1446 | D:2      | Found a radiant altar of Vehumet.
  1449 | D:2      | Became a worshipper of Vehumet
  1456 | D:2      | Found an ancient bone altar of Kikubaaqudgha.
  1457 | D:2      | Found a deep blue altar of Sif Muna.
  1468 | D:2      | Identified Sif Muna's Disquisition on Self-Improvement
  1955 | D:2      | Found a burning altar of Makhleb.
  2042 | D:2      | Learned a level 3 spell: Conjure Flame
  2069 | D:2      | Reached XP level 4. HP: 29/33 MP: 0/7
  2086 | D:2      | Found a shattered altar of Ashenzari.
  2126 | D:2      | HP: 1/33 [worm (7)]
  2127 | D:2      | Succumbed to an adder's poison

Levels and vault maps discovered:
D:1:      minmay_arrival_radiant_lines, layout_basic, minmay_misc_feat_pillars
D:2:      layout_loops_ring, grunt_temple_overflow_magic_moments,
          evilmike_ruin_ashenzari, first_ration, chequers_serial_rivers_micro_a,
          bloody_makhleb

Skill      XL: |  1  2  3 |
---------------+----------+-----
Fire Magic     | 4 |  4.4
Spellcasting   | 2 |  2.0
Dodging        | |  1.5
Stealth        | |  1.5
Conjurations   | |  1.9

Action                   |  1- 3 |  4- 6 || total
-------------------------+-------+-------++-------
Melee: Whip              |    76 |     7 ||    83
 Cast: Flame Tongue      |    24 |     4 ||    28
       Throw Flame       |    24 |     3 ||    27
  Use: Potion            |       |     1 ||     1
  Eat: Chunk             |     6 |       ||     6
Armor: Robe              |    21 |     3 ||    24
Dodge: Dodged            |    55 |    12 ||    67

Table legend:
 A = Non-vault XP
 B = Vault XP
 C = Vault XP percentage of total XP
 D = Non-vault monster count
 E = Vault monster count
 F = Vault count percentage of total count
                 A         B        C        D         E       F
            +---------+---------+-------+---------+---------+-------
      Total |      82 |       0 |   0.0 |      40 |       0 |   0.0
            +---------+---------+-------+---------+---------+-------
        D:1 |      43 |       0 |   0.0 |      23 |       0 |   0.0
        D:2 |      39 |       0 |   0.0 |      17 |       0 |   0.0
            +---------+---------+-------+---------+---------+-------
